AoeStats
← [H A R D] AF

Black Forest

509945772Analyzed
4v4 RM · 4d ago on Sep 28, 2026· 15m 51s· 8 players
Game mode
Random Map
Map size
Large (8 player)
Population
200
Speed
Normal
Resources
Standard
Victory
Conquest
Starting age
Dark Age
Ending age
Imperial Age
RankedLock teamsTeams togetherTeam positionsShared explorationLock speedFull tech treeHidden civsTurbo modeCheats
Victory
Defeat
🇨🇭 Japanese · Switzerland
1264
+14
🇬🇧 Vikings · United Kingdom
1162
+24
🇨🇭 Cumans · Switzerland
1147
+19
🇨🇭 Ethiopians · Switzerland
1118
+20
🇺🇸 Goths · United States
1247
-19
🇲🇽 Britons · Mexico
1205
-18
🇩🇪 Khmer · Germany
1203
-17
🇳🇴 Varangians · Norway
1199
-17
Caronte
12:09 Feudal Age
16:25 Castle Age
14:24 Double-Bit Axe
Tako龍
0:32 Loom
13:54 Feudal Age
tHeDesiRe
11:03 Feudal Age
14:22 Castle Age
12:44 Double-Bit Axe
OnlyNomad
9:14 Loom
11:21 Feudal Age
11:55 Double-Bit Axe
[H A R D] core smurf
7:40 Loom
9:50 Feudal Age
15:12 Wheelbarrow
15:45 Fishing Lines
[H A R D] AF
14:01 Feudal Age
15:46 Double-Bit Axe
[H A R D] wiealtesBROT
6:52 Loom
12:40 Feudal Age
14:05 Double-Bit Axe
14:01 Horse Collar
17:05 Castle Age
Necrocat219
4:03 Loom
14:37 Feudal Age
15:15 Double-Bit Axe
Connection lost

Rejoining the realm…

Still unreachable

The connection could not be restored.

Session expired

The server has moved on; the page needs a fresh start.